 Dungeon Sprint DCSS version 0.31-a0-344-gd109795599 (webtiles) character file.

Game seed: 7270941188864478142

1325 garrulousMonolith the Covert (level 8, -37/60 HPs)
             Began as an Octopode Shapeshifter on July 21, 2023.
             Was a Believer of Cheibriados.
             Annihilated by a boulder beetle (52 damage)
             ... in the Dungeon (Sprint IX: "|||||||||||||||||||||||||||||").
             The game lasted 00:02:41 (399 turns).

garrulousMonolith the Covert (Octopode Shapeshifter) Turns: 399, Time: 00:02:42

Health: -37/60     AC:  3    Str: 19    XL:     8   Next: 60%
Magic:  7/12       EV: 20    Int: 15    God:    Cheibriados [**....]
Gold:   0          SH:  0    Dex: 20    Spells: 7/7 levels left

rFire   . .          .
                       - Unarmed
rCold   . . .        (no shield)
rNeg    . . .        (helmet currently unavailable)
rPois   .            (no amulet)
rElec   .            k - +2 ring of evasion
rCorr   .            l - +2 ring of protection
SInv    .            (no ring)
Will    .....        (no ring)
Stlth   ++++++       (no ring)
HPRegen 0.30/turn    (no ring)
MPRegen 0.13/turn    (no ring)
                     (no ring)

%: no teleportation
@: beast-form, very slow
A: beast (slay +6), almost no armour, amphibious, 8 rings, camouflage 1,
gelatinous body 1, (nimble swimmer 1), tentacles
a: Begin Untransformation, Renounce Religion, Bend Time


You were in the Dungeon.
You worshipped Cheibriados.
Cheibriados was pleased with you.
You were a hulking beast.
You visited 1 branch

Inventory:

Hand Weapons
 m - a +2 halberd of venom
 n - a +2 scimitar of holy wrath
Missiles
 g - a curare-tipped dart
Jewellery
 k - a +2 ring of evasion (left tentacle)
 l - a +2 ring of protection (right tentacle)
Talismans
 b - a beast talisman
Wands
 j - a wand of roots (10)
Scrolls
 h - 2 scrolls of blinking
 i - 2 scrolls of amnesia
Potions
 a - a potion of lignification
 c - 5 potions of curing
 e - a potion of haste
 f - 4 potions of magic


   Skills:
 + Level 7.4 Fighting
 + Level 7.6 Dodging
 + Level 10.1 Stealth
 + Level 7.7 Unarmed Combat
 + Level 6.2 Invocations
 * Level 9.1 Shapeshifting


You had 7 spell levels left.
You didn't know any spells.
Your spell library was empty.

Dungeon Overview and Level Annotations

Branches:
Dungeon (1/1)

Altars:
Cheibriados
Dithmenos
Elyvilon
Fedhas
Gozag
Hepliaklqana
Kikubaaqudgha
Makhleb
Nemelex Xobeh
Okawaru
Qazlal
Ru
Sif Muna
Trog
Uskayaw
Vehumet
Wu Jian
Xom
Yredelemnul
Zin
The Shining One
Jiyva
Lugonu


Innate Abilities, Weirdness & Mutations

You are a hulking beast.
Your limbs bulge with bestial killing power. (Slay +6)
You cannot wear most types of armour.
You are amphibious.
You can wear up to eight rings at the same time.
Your skin changes colour to match your surroundings (Stealth+).
Your rubbery body absorbs attacks. (AC +1, EV +1)
((You are camouflaged when in or above water. (Stealth+)))
You have tentacles for arms and can constrict up to eight enemies at once.


Message History

The tengu warrior hits you with a +0 halberd!
The tengu warrior pecks you.
* * * LOW HITPOINT WARNING * * *
The tengu warrior completely misses you.
You bludgeon the tengu warrior! Your squeeze misses the tengu warrior.
The tengu warrior is almost dead.
You constrict the tengu warrior.
You kill the tengu warrior!
Cheibriados thoroughly appreciates the change of pace.
Cheibriados raises the support of your attributes as your movement slows. x2
The centaur warrior wields a +0 orcbow.
The centaur warrior shoots an arrow.
The arrow misses you.
Your Fighting skill increases to level 7!
Your Dodging skill increases to level 7!
Your Stealth skill increases to level 10!
Your Invocations skill increases to level 6!
Your Shapeshifting skill increases to level 9!
You have reached level 8!
You feel much better.
The centaur warrior shoots an arrow.
The arrow hits you!!
* * * LOW HITPOINT WARNING * * *
The boulder beetle curls into a ball and begins rolling!
The flow of time bends around you.
Cheibriados rebukes the centaur warrior.
The centaur warrior seems to slow down.
The centaur warrior unwields a +0 orcbow.
The centaur warrior misses you. The centaur warrior closely misses you.
You bludgeon the centaur warrior!
The centaur warrior is moderately wounded.
The centaur warrior hits you.
* * * LOW HITPOINT WARNING * * *
The centaur warrior kicks you but does no damage.
You tentacle-slap the centaur warrior but do no damage.
You tentacle-slap the centaur warrior!
The centaur warrior is moderately wounded.
The troll shouts!
You tentacle-slap the boulder beetle.
The boulder beetle is lightly wounded.
The boulder beetle hits you!!!
Ouch! That really hurt!
You die... ▓▓▓▓▓▓▓▓▓▓▓▓▓▓▓▓▓▓▓▓▓▓▓▓ +.T.HJchB°°°).'..[[[.).. ▓▓▓▓▓▓▓▓▓▓▓▓▓▓▓▓▓▓▓▓▓▓▓▓

You could see a boulder beetle (rolling), a slime creature, a centaur warrior (slow), a manticore and a troll.

Vanquished Creatures
  A tengu warrior (D)
  A troll (D)
  2 yaks (D)
  A wraith (D)
  An ice beast (D)
  A kobold brigand (D)
  A hound (D)
  An orc wizard (D)
  2 adders (D)
  An orc (D)
  2 ball pythons (D)
  An endoplasm (D)
  A giant cockroach (D)
  A quokka (D)
17 creatures vanquished.

Notes
Turn   | Place    | Note
-------+----------+-------------------------------------------
     0 | D        | garrulousMonolith the Octopode Shapeshifter began the quest
                  | for the Orb.
     0 | D        | Reached XP level 1. HP: 13/13 MP: 1/1
    10 | D        | Reached skill level 1 in Stealth
    20 | D        | Noticed an ice beast
    20 | D        | Noticed a hound
    24 | D        | Reached skill level 2 in Stealth
    24 | D        | Reached XP level 2. HP: 19/19 MP: 2/2
    31 | D        | Reached skill level 3 in Stealth
    31 | D        | Reached XP level 3. HP: 15/25 MP: 3/3
    39 | D        | Killed an ice beast
    40 | D        | Reached skill level 5 in Stealth
    40 | D        | Reached skill level 5 in Unarmed Combat
    40 | D        | Reached skill level 5 in Shapeshifting
    40 | D        | Reached XP level 4. HP: 25/33 MP: 4/4
    40 | D        | Reached XP level 5. HP: 29/37 MP: 5/5
    98 | D        | Found a snail-covered altar of Cheibriados.
    98 | D        | Found a shadowy altar of Dithmenos.
    98 | D        | Found a white marble altar of Elyvilon.
    98 | D        | Found a blossoming altar of Fedhas.
    98 | D        | Found an opulent altar of Gozag.
    99 | D        | Found a hazy altar of Hepliaklqana.
   100 | D        | Found a viscous altar of Jiyva.
   101 | D        | Found an ancient bone altar of Kikubaaqudgha.
   102 | D        | Found a corrupted altar of Lugonu.
   103 | D        | Found a burning altar of Makhleb.
   104 | D        | Found a sparkling altar of Nemelex Xobeh.
   105 | D        | Found an iron altar of Okawaru.
   106 | D        | Found a stormy altar of Qazlal.
   107 | D        | Found a sacrificial altar of Ru.
   108 | D        | Found a shimmering blue altar of Sif Muna.
   111 | D        | Found a bloodstained altar of Trog.
   112 | D        | Found a hide-covered altar of Uskayaw.
   113 | D        | Found a radiant altar of Vehumet.
   114 | D        | Found an ornate altar of the Wu Jian Council.
   115 | D        | Found a shimmering altar of Xom.
   116 | D        | Found a basalt altar of Yredelemnul.
   117 | D        | Found a glowing silver altar of Zin.
   118 | D        | Found a glowing golden altar of the Shining One.
   140 | D        | Became a worshipper of Cheibriados the Contemplative
   202 | D        | Noticed a yak
   202 | D        | Noticed a yak
   202 | D        | Noticed a wraith
   202 | D        | Noticed a kobold brigand
   202 | D        | Noticed a troll
   211 | D        | Killed a troll
   212 | D        | Reached skill level 5 in Fighting
   212 | D        | Reached skill level 5 in Dodging
   212 | D        | Reached skill level 7 in Stealth
   212 | D        | Reached XP level 6. HP: 32/45 MP: 5/8
   221 | D        | Killed a wraith
   222 | D        | Reached skill level 8 in Stealth
   222 | D        | Reached XP level 7. HP: 27/51 MP: 6/10
   228 | D        | Killed a yak
   228 | D        | Reached * piety under Cheibriados
   244 | D        | Killed a yak
   245 | D        | Reached skill level 5 in Invocations
   246 | D        | Reached skill level 9 in Stealth
   386 | D        | Noticed a troll
   386 | D        | Noticed a manticore
   386 | D        | Noticed a slime creature
   386 | D        | Noticed a boulder beetle
   386 | D        | Noticed a centaur warrior
   386 | D        | Noticed a tengu warrior
   394 | D        | Killed a tengu warrior
   394 | D        | Reached ** piety under Cheibriados
   395 | D        | Reached skill level 10 in Stealth
   395 | D        | Reached XP level 8. HP: 16/60 MP: 10/12
   399 | D        | Annihilated by a boulder beetle

Illustrated notes

Levels and vault maps discovered:
D:        linesprint [early_d, line_temple, items_1, d_10, items_2, lair_1,
          lair_end, items_3, orc_1, orc_end, items_4, d_15, swamp_1, shoals_1,
          snake_1, spider_1, d_20, vaults_1, items_5, swamp_end, shoals_end,
          snake_end, spider_end, vaults_end, d_27, items_6, zot_1, zot_end,
          crypt_end, forest_end, elf_end, slime_end, tomb_end, abyss_end,
          pan_hell_end]

Skill      XL: |  1  2  3  4  5  6  7 |
---------------+----------------------+-----
Stealth        | 2 3 5 7 8 10 | 10.1
Fighting       | 2 4 5 7 |  7.4
Dodging        | 3 4 5 6 7 |  7.6
Unarmed Combat | 4 5 6 7 |  7.7
Shapeshifting  | 4 5 6 7 9 |  9.1
Invocations    | 3 4 6 |  6.2

Action                     |  1- 3 |  4- 6 |  7- 9 || total
---------------------------+-------+-------+-------++-------
  Melee: Unarmed           |    26 |    15 |    27 ||    68
         Constrict         |     5 |     1 |     1 ||     7
         Tentacles         |     4 |     4 |     5 ||    13
         Punch             |     1 |       |     1 ||     2
 Invoke: Bend Time         |       |       |     1 ||     1
    Use: Potion            |     1 |     2 |     2 ||     5
   Stab: Sleeping          |     2 |     1 |     1 ||     4
         Invisible         |       |     4 |     2 ||     6
 Armour: Skin              |     2 |     1 |     1 ||     4
  Dodge: Dodged            |    14 |    12 |    23 ||    49

Table legend: (Time is in decaauts)
 A = Elapsed time spent in this place.
 B = Non-inter-level travel time spent in this place.
 C = Inter-level travel time spent in this place.
 D = Time resting spent in this place.
 E = Time spent auto-exploring this place.
 F = Levels seen in this place.
 G = Mean time per level.
                   A        B        C        D        E       F      G
               +--------+--------+--------+--------+--------+-----+--------+
         Total |    432 |    432 |      0 |    190 |      0 |   1 |  432.0 |
       Dungeon |    432 |    432 |      0 |    190 |      0 |   1 |  432.0 |
               +--------+--------+--------+--------+--------+-----+--------+

Top non-repeatable levels by time:
       D: 432 daAuts
